 Dungeon Crawl Stone Soup version 0.31-a0-844-gdc52ec4e09 (webtiles) character file.

Game seed: 4171768102097758561

2225 Kurtz the Cleaver (level 9, -4/56 (57) HPs)
             Began as an Octopode Fighter on Sept 28, 2023.
             Was an Initiate of Gozag.
             Slain by an unseen horror (10 damage)
             ... on level 7 of the Dungeon.
             The game lasted 00:09:21 (5691 turns).

Kurtz the Cleaver (Octopode Fighter)                Turns: 5691, Time: 00:09:22

HP:   -4/56 (57)    AC:  2    Str: 23    XL:     9   Next: 35%
MP:   9/9           EV: 14    Int: 13    God:    Gozag
Gold: 1019          SH:  8    Dex: 14    Spells: 8/8 levels left

rFire   + . .        l - +0 broad axe
rCold   . . .        e - +3 warlock's mirror {omnireflect}
rNeg    + . .        E - +1 hat of Wucoqug {rF+ rCorr Int+3}
rPois   .            k - amulet of regeneration
rElec   .            f - +6 ring of strength
rCorr   +            v - ring of positive energy
SInv    .            (no ring)
Will    .....        (no ring)
Stlth   +++          (no ring)
HPRegen 1.09/turn    (no ring)
MPRegen 0.11/turn    (no ring)
                     (no ring)

%: reflection
@: lightly drained
A: almost no armour, amphibious, 8 rings, camouflage 1, gelatinous body 1,
(nimble swimmer 1), tentacles
a: Renounce Religion, Potion Petition, Call Merchant, Bribe Branch


You were on level 7 of the Dungeon.
You worshipped Gozag.
Gozag was most pleased with you.
You visited 2 branches of the dungeon, and saw 8 of its levels.
You also visited: Sewer.

You collected 1062 gold pieces.
You paid 43 gold pieces to Gozag.

Inventory:

Hand Weapons
 a - a +0 war axe
 l - a +0 broad axe (weapon)
Missiles
 o - 3 poisoned darts (quivered)
Armour
 b - a +0 buckler
 e - the +3 warlock's mirror (worn) {omnireflect}
   (You acquired it on level 7 of the Dungeon)

   Omnireflect: It can block and reflect piercing ranged attacks and magical
   attacks against the wielder's willpower.
 E - the +1 hat of Wucoqug (worn) {rF+ rCorr Int+3}
   (You acquired it on level 7 of the Dungeon)

   Int+3:     It affects your intelligence (+3).
   rF+:       It protects you from fire.
   rCorr:     It protects you from acid and corrosion.
Jewellery
 f - a +6 ring of strength (left tentacle)
 k - an amulet of regeneration (around mantle)
 v - a ring of positive energy (right tentacle)
Wands
 w - a wand of polymorph (11)
Scrolls
 c - a scroll of brand weapon
 d - a scroll of teleportation
 g - a scroll of poison
 h - a scroll of enchant armour
 i - 2 scrolls of revelation
 j - a scroll of immolation {unknown}
 n - 3 scrolls of enchant weapon {unknown}
 p - 6 scrolls of identify
 q - a scroll of vulnerability {unknown}
 r - 2 scrolls of fear {unknown}
 t - 2 scrolls of silence {unknown}
 y - a scroll of fog {unknown}
 A - a scroll of blinking {unknown}
 D - a scroll of noise {unknown}
Potions
 m - a potion of heal wounds
 s - a potion of degeneration {unknown}
 u - a potion of attraction {unknown}
 x - 2 potions of brilliance {unknown}
 z - 2 potions of mutation {unknown}
 B - 2 potions of magic {unknown}
 C - 2 potions of invisibility {unknown}


   Skills:
 + Level 3.4 Fighting
 * Level 11.4 Axes
 * Level 3.8 Dodging
 + Level 3.8 Stealth
 * Level 3.3 Shields


You had 8 spell levels left.
You didn't know any spells.
Your spell library contained the following spells:

 Spells                   Type           Power      Damage    Failure   Level
 Kiss of Death            Conj/Necr      0%         2d5       36%         1
 Necrotise                Necr           0%         1d4       36%         1
 Shock                    Conj/Air       0%         1d3       36%         1


Dungeon Overview and Level Annotations

Branches:
Dungeon (7/15)             Temple (1/1) D:7           Sewer (visited)

Altars:
Ashenzari
Cheibriados
Dithmenos
Elyvilon
Fedhas
Gozag
Hepliaklqana
Kikubaaqudgha
Makhleb
Nemelex Xobeh
Okawaru
Qazlal
Ru
Sif Muna
Trog
Uskayaw
Vehumet
Wu Jian
Xom
Yredelemnul
Zin
The Shining One

Annotations:
D:3 exclusion: downstairs
D:7 1 exclusion, Joseph, Maggie


Innate Abilities, Weirdness & Mutations

You cannot wear most types of armour.
You are amphibious.
You can wear up to eight rings at the same time.
Your skin changes colour to match your surroundings (Stealth+).
Your rubbery body absorbs attacks. (AC +1, EV +1)
((You are camouflaged when in or above water. (Stealth+)))
You have tentacles for arms and can constrict up to eight enemies at once.


Message History

The orc shouts!
You hit the orc. Your grab misses the orc.
The orc is moderately wounded.
The orc barely misses you. The orc hits you but does no damage.
You slash the orc!
You kill the orc!
No target in view!
No target in view!
Found 2 stones.
Things that are here:
6 gold pieces; a +0 short sword
There is a strange disturbance nearby!
No target in view!
You swing at nothing.
You miss something. You block something's attack.
Deactivating autopickup; reactivate with Ctrl-A.
Something hits you!
You swing at nothing.
Something hits you!
You slash something! Something barely misses you. Something hits you!
Something hits you.
You slash something! Something hits you but does no damage.
You swing at nothing.
Something hits you.
You slash something! Your squeeze misses something.
You block something's attack.
You swing at nothing.
Something barely misses you. Something completely misses you.
You slash something! You tentacle-slap something. Something barely misses you.
You swing at nothing.
Something hits you!
You barely miss something. Your squeeze misses something.
Something hits you! x2
* * * LOW HITPOINT WARNING * * *
You swing at nothing.
Something hits you but does no damage.
You hit something. Something hits you but does no damage.
Okay, then.
The air fills with toxic fumes!
As you read the scroll of poison, it crumbles to dust.
Something hits you!
* * * LOW HITPOINT WARNING * * *
Something hits you!
You die...
Your body crumbles into a pile of gold.

.........###'####..#
........##......###
.......##........§##
####...#.........§§##
#...#.........§§§#
#...#....#####§§§##
#...#...# §§§#§§§§# ###@.#..
#...#... #§#{#§§§§#
##......# ###.#...
#§§§@#...# ##..##.... #.##
#####§§§§# #....##... #..#
.§§§§# #..._.#... #..##
.§§§§# #....##... #...##
..§§§## #..##.... #....###
..§§## #.......
#......####+#### ###.....
#..............######....##.
###########.........#....##.


There were no monsters in sight!

Vanquished Creatures
  Sigmund (D:2)
  An ice beast (D:4)
  4 black bears
  A sky beast (D:5)
  3 ogres
  2 centaurs (D:5)
  A phantom (D:3)
  2 scorpions
  A wight (D:6)
  A hound (D:6)
  2 orc priests (D:6)
  A gnoll bouda (D:5)
  6 jellies
  Crazy Yiuf (D:7)
  Ijyb (D:4)
  2 sleepcaps
  3 iguanas
  An orc wizard (D:6)
  9 gnolls
  14 adders
  A river rat (Sewer)
  A shadow imp (D:5)
  2 ufetubi (D:5)
  A worm (D:2)
  3 dart slugs
  19 orcs
  6 bats
  14 endoplasms
  8 giant cockroaches
  8 goblins
  7 hobgoblins
  8 jackals (D:1)
  3 quokkas
  5 ball pythons
  10 frilled lizards
  9 kobolds
  13 rats
175 creatures vanquished.

Notes
Turn   | Place    | Note
-------+----------+-------------------------------------------
     0 | D:1      | Kurtz the Octopode Fighter began the quest for the Orb.
     0 | D:1      | Reached XP level 1. HP: 16/16 MP: 1/1
    29 | D:1      | Found a faded altar of an unknown god.
    36 | D:1      | You fall into a shaft and drop 1 floor!
   214 | D:2      | Reached XP level 2. HP: 15/21 MP: 2/2
   287 | D:2      | Noticed Sigmund
   292 | D:2      | Killed Sigmund
   293 | D:2      | Reached skill level 5 in Axes
   293 | D:2      | Reached XP level 3. HP: 4/26 MP: 3/3
   293 | D:2      | Reached XP level 4. HP: 5/31 MP: 4/4
   293 | D:2      | Reached XP level 5. HP: 6/36 MP: 5/5
  1651 | D:3      | Noticed a phantom
  1661 | D:3      | Killed a phantom
  1662 | D:3      | Reached skill level 6 in Axes
  1662 | D:3      | Reached XP level 6. HP: 40/42 MP: 6/6
  2094 | D:3      | Got a mumbling book
  2189 | D:3      | Found a white marble altar of Elyvilon.
  2194 | D:3      | Found a glowing silver altar of Zin.
  2195 | D:3      | Found a basalt altar of Yredelemnul.
  2196 | D:3      | Found a sparkling altar of Nemelex Xobeh.
  2196 | D:3      | Found a burning altar of Makhleb.
  2196 | D:3      | Found a broken altar of Ashenzari.
  2196 | D:3      | Found a glowing golden altar of the Shining One.
  2197 | D:3      | Found a hide-covered altar of Uskayaw.
  2198 | D:3      | Found a stormy altar of Qazlal.
  2201 | D:3      | Found an opulent altar of Gozag.
  2205 | D:3      | Became a worshipper of Gozag Ym Sagoz the Greedy
  2786 | D:4      | Noticed a black bear
  2790 | D:4      | Killed a black bear
  2791 | D:4      | Reached skill level 7 in Axes
  2791 | D:4      | Reached XP level 7. HP: 46/46 MP: 7/7
  2804 | D:4      | Reached skill level 8 in Axes
  2832 | D:4      | Noticed Ijyb
  2845 | D:4      | Killed Ijyb
  2892 | D:5      | Entered Level 5 of the Dungeon
  3128 | D:4      | Reached skill level 1 in Stealth
  3534 | D:5      | Found a shimmering altar of Xom.
  3538 | D:5      | Reached skill level 9 in Axes
  3538 | D:5      | Reached XP level 8. HP: 49/52 MP: 8/8
  3680 | D:5      | Identified the +1 dagger "Lesuaq" {antimagic, rN+}
  3915 | D:5      | Reached skill level 10 in Axes
  4150 | D:5      | Found an iron altar of Okawaru.
  4280 | D:5      | Found a bloodstained altar of Trog.
  4370 | D:6      | Identified 2 scrolls of acquirement
  4396 | D:6      | Found a glowing drain.
  4422 | Sewer    | Entered a sewer
  4550 | Sewer    | Reached XP level 9. HP: 57/57 MP: 9/9
  4634 | Sewer    | Found a viscous altar of Jiyva.
  4639 | Sewer    | Reached skill level 11 in Axes
  5393 | D:7      | Noticed Joseph
  5440 | D:7      | Found a staircase to the Ecumenical Temple.
  5449 | Temple   | Entered the Ecumenical Temple
  5513 | D:7      | Found a shadowy altar of Dithmenos.
  5515 | D:7      | Noticed Maggie
  5551 | D:7      | Found a runed translucent door.
  5552 | D:7      | Noticed Crazy Yiuf
  5558 | D:7      | Killed Crazy Yiuf
  5617 | D:7      | Acquired the +1 hat of Wucoqug {rF+ rCorr Int+3}
  5624 | D:7      | Acquired the +3 warlock's mirror {omnireflect}
  5624 | D:7      | Found the +3 warlock's mirror {omnireflect}
  5691 | D:7      | Slain by an unseen horror

Illustrated notes

Levels and vault maps discovered:
D:1:      lemuel_arrival_behind_the_door_large, layout_loops_ring,
          ebering_ecumenical_altar_box, minmay_heptomino_o4
D:2:      layout_basic, uniq_sigmund
D:3:      layout_basic, minitemple, minmay_fractal_squares_gapless_5
D:4:      nicolae_cairo_tiling_large_dashed, layout_rooms, dk_noncrumbling_2,
          st_stairs_10, serial_bayou_pond_c, uniq_ijyb
D:5:      layout_basic, kennysheep_mini, mainiacjoe_overflow_chevrons,
          trog_butcher_becter
D:6:      layout_loops_ring, portal_sewer_entry_a
D:7:      layout_gridville, nicolae_dithmenos_through_a_glass_darkly,
          minmay_temple_entry_nine_rooms, kennysheep_potato,
          uniq_crazy_yiuf_cottage, uniq_joseph, uniq_maggie
Temple:   nicolae_temple_godpark

Skill      XL: |  1  2  3  4  5  6  7  8  9 |
---------------+----------------------------+-----
Axes           | 5 6 7 9 10 11 | 11.4
Stealth        | 1 2 3 |  3.8
Fighting       | |  3.4
Dodging        | |  3.8
Shields        | |  3.3

Action                     |  1- 3 |  4- 6 |  7- 9 || total
---------------------------+-------+-------+-------++-------
  Melee: War axe           |    18 |    95 |    31 ||   144
         Constrict         |     4 |    23 |    31 ||    58
         Tentacles         |     1 |    17 |    25 ||    43
         Unarmed           |       |       |    17 ||    17
         Broad axe         |       |       |   148 ||   148
         Punch             |       |       |     6 ||     6
  Throw: Dart              |       |       |    15 ||    15
         Throwing net      |       |       |     1 ||     1
  Evoke: Wand              |       |     4 |     8 ||    12
    Use: Potion            |     1 |       |     2 ||     3
         Scroll            |       |       |    10 ||    10
   Stab: Sleeping          |     1 |     8 |    11 ||    20
         Distracted        |       |     1 |       ||     1
 Armour: Skin              |     7 |    50 |   102 ||   159
  Dodge: Dodged            |     9 |    60 |   118 ||   187
  Block: Buckler           |     4 |    15 |    33 ||    52

Table legend: (Time is in decaauts)
 A = Elapsed time spent in this place.
 B = Non-inter-level travel time spent in this place.
 C = Inter-level travel time spent in this place.
 D = Time resting spent in this place.
 E = Time spent auto-exploring this place.
 F = Levels seen in this place.
 G = Mean time per level.
                   A        B        C        D        E       F      G
               +--------+--------+--------+--------+--------+-----+--------+
         Total |   5724 |   5309 |    415 |    330 |   3564 |   9 |  636.0 |
       Dungeon |   5454 |   5039 |    415 |    330 |   3410 |   7 |  779.1 |
        Temple |      1 |      1 |      0 |      0 |      0 |   1 |    1.0 |
         Sewer |    269 |    269 |      0 |      0 |    154 |   1 |  269.0 |
               +--------+--------+--------+--------+--------+-----+--------+

Top non-repeatable levels by time:
     D:3: 1134 daAuts
     D:2: 975 daAuts
     D:5: 911 daAuts
     D:6: 728 daAuts
     D:1: 705 daAuts
     D:4: 671 daAuts
     D:7: 327 daAuts
   Sewer: 269 daAuts
  Temple: 1 daAuts
